 Dungeon Crawl Stone Soup version 0.23.2-33-g5129a83184 (console) character file.

Game seed: 9898281066868284177

8195 FlyingSalmon the Spear-Bearer (level 11, -1/84 HPs)
             Began as a Merfolk Gladiator on July 28, 2019.
             Was a Priest of Zin.
             Slain by a two-headed ogre
             ... wielding a +0 giant club
              (19 damage)
             ... on level 8 of the Dungeon.
             The game lasted 00:52:26 (13625 turns).

FlyingSalmon the Spear-Bearer (Merfolk Gladiator)  Turns: 13625, Time: 00:52:27

Health: -1/84      AC: 12    Str: 18    XL:     11   Next: 27%
Magic:  17/17      EV: 11    Int:  7    God:    Zin [***...]
Gold:   162        SH:  0    Dex: 16    Spells: 10/10 levels left

rFire    . . .     SeeInvis .   x - +0 halberd
rCold    . . .     Gourm    .   (shield currently unavailable)
rNeg     . . .     Faith    .   y - +0 chain mail
rPois    .         Spirit   .   c - +0 helmet
rElec    .         Reflect  .   j - +0 cloak
rCorr    .         Harm     .   (no gloves)
MR       .....                  (no boots)
Stlth    ..........             (no amulet)
HPRegen  0.24/turn              (no ring)
MPRegen  0.15/turn              (no ring)

@: no status effects
A: change form in water, swift swim, stealthy swim
a: Recite, Vitalisation, Imprison, Donate Gold, Renounce Religion


You were on level 8 of the Dungeon.
You worshipped Zin.
Zin was most pleased with you.
You were not hungry.

You visited 3 branches of the dungeon, and saw 11 of its levels.

You collected 343 gold pieces.
You spent 147 gold pieces at shops.
You donated 34 gold pieces to Zin.

Inventory:

Hand Weapons
 a - a +0 trident
 x - a +0 halberd (weapon)
Missiles
 d - 6 throwing nets
 o - 118 stones
 G - 5 tomahawks of returning (quivered)
Armour
 b - a +0 leather armour
 c - a +0 helmet (worn)
 j - a +0 cloak (worn)
 m - a +0 plate armour
 y - a +0 chain mail (worn)
 C - a +3 ring mail of cold resistance
Wands
 A - a wand of disintegration (12)
 B - a wand of iceblast (20)
Scrolls
 k - 2 scrolls of enchant armour {unknown}
 l - 5 scrolls of remove curse
 n - 6 scrolls of amnesia
 p - a scroll of random uselessness
 r - 3 scrolls of noise
 t - 8 scrolls of teleportation
 u - a scroll of fear
 v - a scroll of summoning {unknown}
 H - a scroll of holy word {unknown}
Potions
 e - 2 potions of ambrosia
 g - a potion of degeneration
 h - 3 potions of heal wounds
 i - 4 potions of curing
 q - a potion of brilliance
 w - a potion of lignification
 z - 2 potions of haste
 D - a potion of cancellation
 F - a potion of might {unknown}
Comestibles
 f - 8 rations


   Skills:
 + Level 7.1 Fighting
 + Level 14.4 Polearms
 - Level 5.1 Throwing
 + Level 5.2 Armour
 + Level 7.2 Dodging
 + Level 8.3 Invocations


You had 10 spell levels left.
You didn't know any spells.
Your spell library contained the following spells:

 Spells                   Type           Power        Failure   Level  Hunger
 Animate Skeleton         Necr           N/A          99%         1    ##.....
 Pain                     Necr           #...         99%         1    ##.....
 Regeneration             Chrm/Necr      #.........   100%        3    ####...
 Vampiric Draining        Necr           #.........   100%        3    ####...
 Animate Dead             Necr           N/A          100%        4    #####..


Dungeon Overview and Level Annotations

Branches:
Dungeon (9/15)             Temple (1/1) D:4            Lair (1/6) D:8
    Orc: D:9-12

Altars:
Ashenzari
Cheibriados
Dithmenos
Fedhas
Gozag
Hepliaklqana
Kikubaaqudgha
Makhleb
Nemelex Xobeh
Okawaru
Qazlal
Ru
Sif Muna
Trog
Uskayaw
Vehumet
Wu Jian
Xom
Yredelemnul
Zin
The Shining One
Lugonu

Shops:
D:5 ?   D:6 ?   D:7 [


Message History

The two-headed ogre barely misses you.
You hit the two-headed ogre.
The two-headed ogre is lightly wounded. "...were expelled, and thus the way of things was maintained."
You finish reciting Apostates 24:68.
You puncture the two-headed ogre!
The two-headed ogre is moderately wounded.
The two-headed ogre hits you with a +0 giant club!!
The two-headed ogre hits you with a +0 giant club!
You barely miss the two-headed ogre.
The two-headed ogre is moderately wounded.
The two-headed ogre hits you with a +0 giant club!!
The two-headed ogre hits you with a +0 giant club!
* * * LOW HITPOINT WARNING * * *
The kobold is lost in a daze.
You climb upwards.
There is a stone staircase leading down here.
The two-headed ogre barely misses you.
The two-headed ogre hits you with a +0 giant club!!
You die...

########......#.# #...........
# #...#.##.###.# #.....).....
# #...#.##..##.# #...........
# #...#.....##.# #...........
# #...####..<#.# #####.######
# #...'..#.#.#.# #.# #
#...##.#.#...# #.# #
#.####.#.##.O##########.######
#
#.####.#.##.>@........<.......
#
#.##...#.####.################
#.##.###.# #.# #........## #
#.##.# #.# #.# #.####....# #
####.##.# #.# #.####.# #.#.##
# .....##.###.# #.#....#
#.######
#######.....####.#.####
#....... ######.....#.#
######## #.#.....# #.....


You could see a two-headed ogre.

Vanquished Creatures
  Harold (D:6)
  A two-headed ogre (D:8)
  4 hippogriffs
  A spriggan (D:8)
  6 yaks
  A hungry ghost (D:7)
  2 porcupines (D:8)
  2 orc warriors
  An ice beast (D:9)
  5 black bears
  A sky beast (D:5)
  4 phantoms
  6 ogres
  2 centaurs
  5 crocodiles
  3 bullfrogs
  5 big kobolds
  3 scorpions
  5 wights (D:6)
  4 howler monkeys
  5 crimson imps
  A bullfrog zombie (D:5)
  5 hounds
  2 jellies (D:5)
  8 orc priests
  2 gnoll shamans
  10 orc wizards
  2 bullfrog skeletons (D:6)
  3 iguanas
  5 worker ants
  2 hound zombies
  A worker ant zombie (D:7)
  A howler monkey skeleton (D:4)
  4 gnolls
  12 adders
  An ooze (D:1)
  An adder skeleton (D:5)
  An adder zombie (D:6)
  2 worms
  8 leopard geckos
  29 orcs
  5 giant cockroaches
  6 goblins
  8 hobgoblins
  10 jackals
  A quokka (D:7)
  4 ball pythons
  17 bats
  8 frilled lizards
  A jackal skeleton (D:7)
  29 kobolds
  2 quokka skeletons
  7 rats
265 creatures vanquished.

Vanquished Creatures (others)
  12 fungi (D:8)
12 creatures vanquished.

Grand Total: 277 creatures vanquished

Notes
Turn   | Place    | Note
-------+----------+-------------------------------------------
     0 | D:1      | FlyingSalmon the Merfolk Gladiator began the quest for the
                  | Orb.
     0 | D:1      | Reached XP level 1. HP: 16/16 MP: 1/1
    76 | D:1      | Reached XP level 2. HP: 15/22 MP: 2/2
   276 | D:1      | Reached skill level 5 in Polearms
   911 | D:1      | Reached XP level 3. HP: 27/28 MP: 3/3
  2059 | D:2      | Reached XP level 4. HP: 33/34 MP: 4/4
  2141 | D:2      | Found a faded altar of an unknown god.
  2215 | D:3      | Found a sparkling altar of Nemelex Xobeh.
  2660 | D:3      | Reached skill level 6 in Polearms
  2783 | D:3      | Reached XP level 5. HP: 32/40 MP: 5/5
  2897 | D:3      | Reached skill level 5 in Dodging
  3143 | D:3      | Reached skill level 1 in Armour
  3219 | D:3      | Found a shimmering altar of Xom.
  3278 | D:3      | Reached skill level 7 in Polearms
  3448 | D:3      | Found a burning altar of Makhleb.
  3579 | D:4      | Noticed an ogre
  3599 | D:4      | Killed an ogre
  3599 | D:4      | Reached XP level 6. HP: 40/47 MP: 6/6
  3937 | D:4      | Found a sand-covered staircase.
  4179 | D:4      | Reached skill level 8 in Polearms
  4330 | D:4      | Reached XP level 7. HP: 41/52 MP: 7/7
  4353 | D:4      | Found a staircase to the Ecumenical Temple.
  4426 | Temple   | Entered the Ecumenical Temple
  4471 | Temple   | Became a worshipper of Zin the Law-Giver
  4471 | Temple   | Reached * piety under Zin
  4676 | D:4      | You fall through a shaft for 3 floors!
  4892 | D:5      | Entered Level 5 of the Dungeon
  4964 | D:5      | Reached skill level 1 in Invocations
  5205 | D:5      | Reached skill level 9 in Polearms
  5361 | D:5      | Reached XP level 8. HP: 26/60 MP: 9/9
  5910 | D:5      | Found Ilyitiam's Magic Scroll Shoppe.
  5913 | D:5      | Bought a scroll of identify for 26 gold pieces
  5913 | D:5      | Bought a scroll of blinking for 97 gold pieces
  5958 | D:5      | Found a radiant altar of Vehumet.
  6392 | D:3      | Reached skill level 10 in Polearms
  7333 | D:4      | Found a shattered altar of Ashenzari.
  7542 | D:5      | Reached XP level 9. HP: 58/66 MP: 12/12
  7721 | D:6      | Found Deleh's Magic Scroll Emporium.
  7778 | D:5      | Reached skill level 11 in Polearms
  7836 | D:6      | Bought a scroll of identify for 24 gold pieces
  7937 | D:6      | Reached skill level 5 in Invocations
  8290 | D:5      | Reached skill level 5 in Fighting
  8318 | D:6      | Found a hazy altar of Hepliaklqana.
  9051 | D:6      | Found an iron altar of Okawaru.
  9237 | D:6      | Found a stormy altar of Qazlal.
  9688 | D:7      | Reached skill level 12 in Polearms
  9688 | D:7      | Reached XP level 10. HP: 46/75 MP: 14/14
  9851 | D:7      | Found a sacrificial altar of Ru.
  9890 | D:7      | Found a bloodstained altar of Trog.
  9938 | D:7      | Found an opulent altar of Gozag.
 10007 | D:7      | Noticed Harold
 10063 | D:6      | Killed Harold
 10303 | D:7      | Reached ** piety under Zin
 10308 | D:7      | Found a glowing golden altar of the Shining One.
 10348 | D:7      | Found Imopsuffa's Antique Armour Emporium.
 10726 | D:7      | Reached skill level 13 in Polearms
 10926 | D:8      | Noticed a two-headed ogre
 11085 | D:8      | Killed a two-headed ogre
 11085 | D:8      | Reached skill level 5 in Throwing
 11861 | D:8      | Found a basalt altar of Yredelemnul.
 11886 | D:8      | Reached *** piety under Zin
 11943 | D:8      | Reached XP level 11. HP: 83/83 MP: 17/17
 12218 | D:8      | Found a staircase to the Lair.
 12225 | D:8      | Reached skill level 14 in Polearms
 12436 | Lair:1   | Entered Level 1 of the Lair of Beasts
 12873 | D:8      | Reached skill level 5 in Armour
 13024 | Lair:1   | Noticed a seven-headed hydra
 13602 | D:9      | Noticed a two-headed ogre
 13625 | D:8      | Slain by a two-headed ogre

Skill      XL: |  1  2  3  4  5  6  7  8  9 10 11 |
---------------+----------------------------------+-----
Polearms       | 5 6 7 8 9 10 12 13 14 | 14.4
Dodging        | 5 6 7 |  7.2
Fighting       | 3 4 5 6 7 |  7.1
Armour         | 1 2 3 4 5 |  5.2
Throwing       | 3 4 5 |  5.1
Invocations    | 1 4 6 8 |  8.3

Action                   |  1- 3 |  4- 6 |  7- 9 | 10-12 || total
-------------------------+-------+-------+-------+-------++-------
Melee: Trident           |   182 |   177 |   238 |       ||   597
       Halberd           |       |       |   268 |   326 ||   594
Throw: Stone             |       |    60 |   135 |    54 ||   249
       Throwing net      |       |       |     3 |       ||     3
       Tomahawk          |       |       |       |    23 ||    23
Invok: Recite            |       |       |    26 |    17 ||    43
       Vitalisation      |       |       |       |     2 ||     2
       Imprison          |       |       |       |     1 ||     1
  Use: Scroll            |     4 |     2 |     9 |     3 ||    18
       Potion            |       |       |     1 |     2 ||     3
 Stab: Sleeping          |     2 |       |       |       ||     2
       Confused          |       |       |     1 |     5 ||     6
       Invisible         |       |       |     1 |       ||     1
  Eat: Chunk             |     4 |     6 |    12 |     5 ||    27
       Ration            |       |       |     2 |     3 ||     5
Armor: Leather armour    |    31 |       |       |       ||    31
       Ring mail         |    25 |    49 |    97 |    48 ||   219
       Chain mail        |       |       |       |    48 ||    48
Dodge: Dodged            |   107 |    98 |   246 |   187 ||   638
